 Dungeon Crawl Stone Soup version 0.29-a0-297-g7659ce593d (webtiles) character file.

Game seed: 70595109368729087

2730 kipponium the Cleaver (level 9, -7/63 HPs)
             Began as a Demonspawn Berserker on Mar 21, 2022.
             Was an Elder of Trog.
             Shot with an arrow by a centaur warrior (12 damage)
             ... on level 8 of the Dungeon.
             The game lasted 00:14:04 (8737 turns).

kipponium the Cleaver (Demonspawn Berserker)        Turns: 8737, Time: 00:14:04

Health: -7/63      AC:  7    Str: 21    XL:     9   Next: 40%
Magic:  9/9        EV: 12    Int:  7    God:    Trog [****..]
Gold:   401        SH:  0    Dex: 19    Spells: 8/8 levels left

rFire   . . .      SeeInvis +   x - +0 broad axe
rCold   + . .      Faith    +   (no shield)
rNeg    . . .      Spirit   .   t - +1 leather armour "Finkiuqi" {rC+ rCorr Int-2}
rPois   .          Reflect  .   (helmet restricted)
rElec   .          Harm     .   (no cloak)
rCorr   +          Rampage  .   (no gloves)
Will    .....                   v - +2 pair of boots
Stlth   +.........              o - amulet of faith
HPRegen 0.20/turn               q - ring of see invisible
MPRegen 0.11/turn               A - +6 ring of dexterity

@: no status effects
A: horns 2, spiny 2, weakness stinger 1
a: Renounce Religion, Berserk, Trog's Hand, Brothers in Arms


You were on level 8 of the Dungeon.
You worshipped Trog.
Trog was greatly pleased with you.
You visited 1 branch of the dungeon, and saw 8 of its levels.

You collected 515 gold pieces.
You spent 114 gold pieces at shops.

Inventory:

Hand Weapons
 x - a +0 broad axe (weapon)
Missiles
 g - 3 boomerangs
 y - 3 curare-tipped darts
 z - 23 poisoned darts
 C - 3 datura-tipped darts (quivered)
Armour
 b - a +0 animal skin
 t - the +1 leather armour "Finkiuqi" (worn) {rC+ rCorr Int-2}
   (You found it on level 3 of the Dungeon)

   Int:       It affects your intelligence (-2).
   rC:        It protects you from cold.
   rCorr:     It protects you from acid and corrosion.
 v - a +2 pair of boots (worn)
Jewellery
 o - an amulet of faith (around neck)
 q - a ring of see invisible (left hand)
 s - an amulet of regeneration
 A - a +6 ring of dexterity (right hand)
 D - an amulet of reflection
Wands
 i - a wand of flame (28)
 B - a wand of charming (5)
Scrolls
 a - a scroll of magic mapping {unknown}
 d - 2 scrolls of enchant armour {unknown}
 f - a scroll of vulnerability {unknown}
 h - 2 scrolls of noise {unknown}
 j - 2 scrolls of immolation {unknown}
 m - 6 scrolls of teleportation {unknown}
 n - 8 scrolls of identify {unknown}
 r - a scroll of amnesia {unknown}
Potions
 c - 2 potions of berserk rage {unknown}
 e - 4 potions of mutation {unknown}
 k - a potion of cancellation {unknown}
 l - 3 potions of invisibility {unknown}
 p - 5 potions of curing {unknown}
 u - a potion of lignification {unknown}
 w - a potion of brilliance {unknown}


   Skills:
 - Level 3.0 Fighting
 * Level 12.1 Axes
 - Level 0.1 Throwing
 - Level 1.7 Armour
 - Level 1.7 Dodging


You had 8 spell levels left.
You didn't know any spells.
Your spell library was empty.

Dungeon Overview and Level Annotations

Branches:
Dungeon (8/15)             Temple (0/1) D:7
   Lair: D:8-11

Altars:
Ashenzari
Dithmenos
Hepliaklqana
Nemelex Xobeh
Ru
Trog
Uskayaw
Vehumet
Yredelemnul

Shops:
D:7 *


Innate Abilities, Weirdness & Mutations

You have a pair of horns on your head.
You are mostly covered in sharp spines.
You have a small tail.


Message History

The bullfrog snags a nearby mouse with its tongue.
A jelly comes into view.
You hit the bullfrog. You headbutt the bullfrog.
Your tail-slap misses the bullfrog.
The bullfrog is heavily wounded.
The bullfrog barely misses you. The bullfrog is struck by your spines.
The bullfrog closely misses you.
You slash the bullfrog!
You kill the bullfrog!
Trog accepts your kill.
You see here 4 datura-tipped darts.
C - 4 datura-tipped darts You barely miss the jelly.
The jelly is struck by your spines. The jelly hits you.
You are splashed with acid.
You resist.
You slash the jelly!
You kill the jelly!
Trog accepts your kill.
Found a stone staircase leading down.
D - an amulet of reflection
Found a runed dagger.
Found a stone staircase leading up and a stone staircase leading down.
There is a shaft here.
Found 15 stones.
Found an escape hatch in the floor.
The centaur warrior shouts!
The centaur warrior shoots an arrow.
The arrow hits you.
The centaur warrior shoots an arrow.
The arrow hits you!
Found an inky potion.
A water moccasin comes into view.
The centaur warrior shoots an arrow.
The arrow hits you.
The centaur warrior shoots an arrow.
The arrow hits you!
The centaur warrior shoots an arrow.
The arrow hits you!!
* * * LOW HITPOINT WARNING * * *
Throw: 4 darts (datura)
Press: ? - help, Q - select action, (/) - cycle Shift-Dir - straight line, f - centaur warrior
Aim: a centaur warrior, wielding a +0 longbow and wearing a ring of fire (69% to hit, chance to frenzy on hit: 3%)
You throw a datura-tipped dart.
The datura-tipped dart barely misses the centaur warrior.
The centaur warrior shoots an arrow.
The arrow hits you!
You die...

........# ##...##
........# ###...##
........#
#......##
........#
##....>^.##
........
##.........##
......
#...........##
......
#............##
......
...............#
......
........@....?.)..
......
....>.<..........#
......
.................#
#####.
...(..............
#
........Sc.......#
#
.................
#..........!....
###........(...


You could see a centaur warrior and a water moccasin.

Vanquished Creatures
  A hornet (D:8)
  Edmund (D:6)
  2 water moccasins (D:7)
  An ice beast (D:3)
  4 black bears
  An orc warrior (D:7)
  2 phantoms
  A kobold brigand (D:8)
  2 bullfrogs
  A necrophage (D:4)
  A scorpion (D:5)
  3 wights (D:7)
  3 howler monkeys
  8 jellies
  An orc priest (D:7)
  4 hounds
  2 gnoll shamans
  4 iguanas
  4 orc wizards (D:7)
  11 adders
  6 gnolls (D:7)
  A shadow imp (D:7)
  A white imp (D:7)
  4 dart slugs
  11 orcs
  4 ball pythons
  9 bats
  22 endoplasms
  3 giant cockroaches
  6 goblins
  2 hobgoblins (D:4)
  18 kobolds
  3 quokkas
  2 frilled lizards (D:1)
  3 rats
152 creatures vanquished.

Vanquished Creatures (others)
  4 fungi (D:3)
  12 toadstools (D:3)
16 creatures vanquished.

Grand Total: 168 creatures vanquished

Notes
Turn   | Place    | Note
-------+----------+-------------------------------------------
     0 | D:1      | kipponium the Demonspawn Berserker began the quest for the
                  | Orb.
     0 | D:1      | Reached XP level 1. HP: 18/18 MP: 1/1
   106 | D:1      | Reached skill level 3 in Axes
   136 | D:1      | Discovered your monstrous ancestry.
   136 | D:1      | Gained mutation: You have a pair of small horns on your
                  | head. [demonic ancestry]
   136 | D:1      | Reached XP level 2. HP: 20/24 MP: 2/2
   487 | D:1      | Found a faded altar of an unknown god.
  1076 | D:1      | Reached ** piety under Trog
  1177 | D:1      | Gained mutation: You are partially covered in sharp spines.
                  | [demonic ancestry]
  1177 | D:1      | Reached XP level 3. HP: 29/29 MP: 3/3
  1354 | D:2      | Reached skill level 4 in Axes
  1782 | D:2      | Found a shadowy altar of Dithmenos.
  1888 | D:3      | Reached XP level 4. HP: 24/35 MP: 4/4
  1894 | D:3      | Reached skill level 5 in Axes
  2184 | D:3      | Reached XP level 5. HP: 39/41 MP: 5/5
  2406 | D:3      | Noticed an ice beast
  2409 | D:3      | Killed an ice beast
  2410 | D:3      | Reached skill level 6 in Axes
  2425 | D:3      | Found a sacrificial altar of Ru.
  2425 | D:3      | Found a hazy altar of Hepliaklqana.
  2464 | D:3      | Gained mutation: You have a small tail. [demonic ancestry]
  2464 | D:3      | Reached XP level 6. HP: 42/47 MP: 6/6
  3026 | D:4      | Reached skill level 7 in Axes
  3539 | D:4      | Gained mutation: You have a pair of horns on your head.
                  | [demonic ancestry]
  3539 | D:4      | Reached XP level 7. HP: 19/52 MP: 7/7
  4142 | D:4      | Reached *** piety under Trog
  4233 | D:5      | Entered Level 5 of the Dungeon
  4389 | D:5      | Found a radiant altar of Vehumet.
  4715 | D:5      | Found a broken altar of Ashenzari.
  4809 | D:3      | Identified the +1 leather armour "Finkiuqi" {rC+ rCorr
                  | Int-2}
  4961 | D:5      | Reached skill level 8 in Axes
  5512 | D:6      | Found a sparkling altar of Nemelex Xobeh.
  5601 | D:6      | Reached skill level 9 in Axes
  5601 | D:6      | Reached XP level 8. HP: 42/58 MP: 8/8
  5697 | D:6      | Noticed Edmund
  5716 | D:6      | Killed Edmund
  6336 | D:7      | Reached skill level 10 in Axes
  6486 | D:7      | Found a staircase to the Ecumenical Temple.
  7244 | D:7      | Found a large runed translucent door.
  7248 | D:7      | Found a large runed translucent door.
  7283 | D:7      | Reached skill level 11 in Axes
  7307 | D:7      | Gained mutation: You are mostly covered in sharp spines.
                  | [demonic ancestry]
  7307 | D:7      | Reached XP level 9. HP: 47/63 MP: 9/9
  7429 | D:7      | Found a bloodstained altar of Trog.
  7432 | D:7      | Found a basalt altar of Yredelemnul.
  7598 | D:7      | Reached **** piety under Trog
  7867 | D:7      | Found Epsuxir's Serpentskin Sales.
  7871 | D:7      | Bought 3 curare-tipped darts for 25 gold pieces
  7871 | D:7      | Bought 5 poisoned darts for 28 gold pieces
  7871 | D:7      | Bought 6 poisoned darts for 33 gold pieces
  7871 | D:7      | Bought 5 poisoned darts for 28 gold pieces
  8160 | D:8      | Noticed a centaur warrior
  8352 | D:8      | Found a hide-covered altar of Uskayaw.
  8363 | D:8      | Reached skill level 12 in Axes
  8737 | D:8      | Shot with an arrow by a centaur warrior

Illustrated notes

Levels and vault maps discovered:
D:1:      shiori_arrival_maze, layout_loops_corners,
          chequers_ecumenical_altar_simple_redux
D:2:      layout_basic, basic_altar
D:3:      cheibrodos_fertilizer, layout_basic, grunt_temple_overflow_open
D:4:      layout_basic, hangedman_abyss_or_decor_passed, glass_columns_b
D:5:      layout_cave_pods, mainiacjoe_overflow_small_starburst,
          fiery_altar_vehumet
D:6:      layout_loops_ring, mainiacjoe_overflow_alcove_2, uniq_edmund
D:7:      layout_cave_pods, jmf_multi_god_temple2, minmay_temple_entry_glass,
          dreamdust_princess_corridor, st_stairs_11, guppyfry_shop_venom
D:8:      layout_cave_pods, mainiacjoe_overflow_six_doors_small,
          grunt_ministairs_12

Skill      XL: |  1  2  3  4  5  6  7  8  9 |
---------------+----------------------------+-----
Axes           | 3 4 5 6 7 9 11 12 | 12.1
Fighting       | |  3.0
Throwing       | |  0.1
Armour         | |  1.7
Dodging        | |  1.7

Action                   |  1- 3 |  4- 6 |  7- 9 || total
-------------------------+-------+-------+-------++-------
Melee: Hand axe          |    68 |       |       ||    68
       Headbutt          |    12 |     9 |    29 ||    50
       War axe           |    26 |    54 |    63 ||   143
       Tailslap          |       |       |    27 ||    27
       Broad axe         |       |       |    93 ||    93
       Punch             |       |       |     2 ||     2
Throw: Boomerang         |       |       |     2 ||     2
       Dart              |       |       |     1 ||     1
Invok: Berserk           |     1 |     4 |     6 ||    11
       Trog's Hand       |       |       |     1 ||     1
 Stab: Sleeping          |     1 |       |     2 ||     3
       Distracted        |       |     1 |       ||     1
Armor: Animal skin       |    14 |     8 |       ||    22
       Leather armour    |       |       |    32 ||    32
Dodge: Dodged            |    56 |    31 |    82 ||   169

Table legend: (Time is in decaauts)
 A = Elapsed time spent in this place.
 B = Non-inter-level travel time spent in this place.
 C = Inter-level travel time spent in this place.
 D = Time resting spent in this place.
 E = Time spent auto-exploring this place.
 F = Levels seen in this place.
 G = Mean time per level.
                   A        B        C        D        E       F      G
               +--------+--------+--------+--------+--------+-----+--------+
         Total |   8889 |   8643 |    246 |   2955 |   4375 |   8 | 1111.1 |
       Dungeon |   8889 |   8643 |    246 |   2955 |   4375 |   8 | 1111.1 |
               +--------+--------+--------+--------+--------+-----+--------+

Top non-repeatable levels by time:
     D:7: 1634 daAuts
     D:4: 1302 daAuts
     D:1: 1257 daAuts
     D:3: 1239 daAuts
     D:6: 1205 daAuts
     D:5: 1119 daAuts
     D:2: 577 daAuts
     D:8: 553 daAuts
